 Dungeon Crawl Stone Soup version 0.22-a0-185-ge330310 (webtiles) character file.

17 vishdafish the Skirmisher (level 2, -5/24 HPs)
             Began as a Demonspawn Fighter on Feb 15, 2018.
             Killed by divine providence
             ... invoked by an orc priest
              (13 damage)
             ... on level 2 of the Dungeon.
             The game lasted 00:01:02 (554 turns).

vishdafish the Skirmisher (Demonspawn Fighter)       Turns: 554, Time: 00:01:03

Health: -5/24      AC:  8    Str: 16    XL:     2   Next: 44%
Magic:  2/2        EV:  6    Int:  9    God:
Gold:   37         SH: 12    Dex: 12    Spells: 1/1 levels left

rFire    . . .     SeeInvis .   a - +0 long sword
rCold    . . .     Gourm    .   c - +0 shield
rNeg     . . .     Faith    .   b - +0 scale mail
rPois    .         Spirit   .   j - +1 helmet
rElec    .         Reflect  .   (no cloak)
rCorr    .         Harm     .   (no gloves)
MR       .....                  (no boots)
Stlth    ..........             (no amulet)
HPRegen  0.08/turn              (no ring)
MPRegen  0.08/turn              (no ring)

@: no status effects
A: large bone plates 1
a: no special abilities


You were on level 2 of the Dungeon.
You were not hungry.

You visited 1 branch of the dungeon, and saw 2 of its levels.

You collected 37 gold pieces.

Inventory:

Hand Weapons
 a - a +0 long sword (weapon)
Armour
 b - a +0 scale mail (worn)
 c - a +0 shield (worn)
 j - a +1 helmet (worn)
Jewellery
 h - an uncursed ring of see invisible {unknown}
Scrolls
 e - a scroll of identify {unknown}
 g - a scroll of magic mapping {unknown}
 i - a scroll of teleportation {unknown}
Potions
 d - a potion of might
Comestibles
 f - 2 rations


   Skills:
 + Level 3.1 Fighting
 * Level 2.2 Long Blades
 + Level 2.8 Armour
 + Level 2.8 Shields


You had one spell level left.
You didn't know any spells.

Dungeon Overview and Level Annotations

Branches:
Dungeon (1/15)

Altars:


Innate Abilities, Weirdness & Mutations

You are partially covered in large bone plates. (SH +4)


Message History

* * * LOW HITPOINT WARNING * * *
The frilled lizard bites you but does no damage.
The orc priest miscasts a cantrip.
Okay, then.
Okay, then.
You open the door.
The frilled lizard completely misses you.
Found a blue potion.
There is an open door here.
You closely miss the frilled lizard. You block the frilled lizard's attack.
You miss the frilled lizard. You block the orc's attack.
The frilled lizard bites you but does no damage.
The orc hits you but does no damage.
The frilled lizard bites you but does no damage.
The orc priest begins to cast a cantrip, but forgets the words!
The orc priest looks braver for a moment.
The orc priest invokes the aid of Beogh against you.
Beogh smites you!
Ouch! That really hurt!
You die...

#...#..#.###
#...#.....#
#...#.....#
#...#.....#
#######..$#.....#
.......oo......##
###....##o...#(#
#..o.##.l....#
#....##..@...#
#....##...####
#...o##o#.#
#....##.#>#
#....##.#.#
+....'..#.#
#....####.#
#!...# #.# ######
#.#


You could see an orc priest, an orc wizard, an orc and a frilled lizard.

Vanquished Creatures
  A shadow imp (D:2)
  A goblin (D:2)
  2 hobgoblins
  A quokka (D:2)
  4 kobolds
  A rat (D:2)
10 creatures vanquished.

Notes
Turn   | Place    | Note
-------+----------+-------------------------------------------
     0 | D:1      | vishdafish the Demonspawn Fighter began the quest for the Orb.
     0 | D:1      | Reached XP level 1. HP: 18/18 MP: 1/1
   169 | D:1      | You fall through a shaft!
   193 | D:2      | Gained mutation: You are partially covered in large bone plates. (SH +4) [demonic ancestry]
   193 | D:2      | Reached XP level 2. HP: 7/24 MP: 2/2
   554 | D:2      | Killed from afar by an orc priest

Vault maps used:
D:1:      scummos_arrival_hexagon, corexii_leaking_fountain,
          serial_bayou_pond_a, minmay_misc_feat_five
D:2:      wad_river_or_something

Skill      XL: |  1 |
---------------+----+-----
Long Blades    | 2 |  2.2
Fighting       | |  3.1
Armour         | |  2.8
Shields        | |  2.8

Action                   || total
-------------------------++-------
Melee: Long sword        ||    52
Armor: Scale mail        ||    27
Dodge: Dodged            ||    16
Block: Shield            ||    35
       Rpst.: Long sword ||     1

Table legend:
 A = Spawn XP
 B = Non-spawn XP
 C = Spawn XP percentage of total XP
 D = Spawn monster count
 E = Non-spawn monster count
 F = Spawn count percentage of total count
 G = Total turns spent on level
                    A         B        C        D         E        F      G
               +---------+---------+-------+---------+---------+-------+---------
         Total |       0 |      25 |   0.0 |       0 |      10 |   0.0 |   554
               +---------+---------+-------+---------+---------+-------+---------
           D:1 |       0 |       3 |   0.0 |       0 |       2 |   0.0 |   169
           D:2 |       0 |      22 |   0.0 |       0 |       8 |   0.0 |   385
               +---------+---------+-------+---------+---------+-------+---------
